 Dungeon Crawl Stone Soup version 0.30-a0-605-gb2882149bf (webtiles) character file.

Game seed: 7289711700192667237

61 OTABOTABOTAB the Insei (level 4, -5/28 HPs)
             Began as an Octopode Transmuter on Jan 7, 2023.
             Slain by Grinder (6 damage)
             ... on level 3 of the Dungeon.
             The game lasted 00:01:51 (1287 turns).

OTABOTABOTAB the Insei (Octopode Transmuter)        Turns: 1287, Time: 00:01:52

Health: -5/28      AC:  2    Str:  9    XL:     4   Next: 7%
Magic:  5/7        EV: 19    Int: 17    God:
Gold:   46         SH:  0    Dex: 17    Spells: 1/7 levels left

rFire   . . .      SeeInvis .      - Unarmed
rCold   . . .      Faith    .    (shield currently unavailable)
rNeg    . . .      Spirit   .    (helmet currently unavailable)
rPois   x          Reflect  .    (no amulet)
rElec   .          Harm     .    (no ring)
rCorr   .          Rampage  .    (no ring)
Will    .....                    (no ring)
Stlth   ++                       (no ring)
HPRegen 0.24/turn                (no ring)
MPRegen 0.10/turn                (no ring)
                                 (no ring)
                                 (no ring)

@: spider-form
A: venomous fangs, almost no armour, (amphibious), 8 rings, tiny, (camouflage
1), (gelatinous body 1), (nimble swimmer 1), (tentacles)
a: End Transformation


You were on level 3 of the Dungeon.
You were a venomous arachnid creature.
You visited 1 branch of the dungeon, and saw 3 of its levels.

You collected 46 gold pieces.

Inventory:

Scrolls
 d - 2 scrolls of enchant weapon {unknown}
 e - a scroll of magic mapping {unknown}
 f - 2 scrolls of identify {unknown}
 g - a scroll of vulnerability {unknown}
 i - a scroll of blinking {unknown}
Potions
 a - 2 potions of lignification {!q}
 b - 3 potions of attraction {unknown}
 c - a potion of heal wounds {unknown}
 h - a potion of curing {unknown}
 j - a potion of haste {unknown}


   Skills:
 - Level 1.0 Fighting
 - Level 2.0 Dodging
 + Level 3.6 Unarmed Combat
 - Level 2.0 Spellcasting
 + Level 2.9 Transmutations
 + Level 2.2 Poison Magic


You had one spell level left.
You knew the following spells:

 Your Spells              Type           Power      Damage    Failure   Level
a - Beastly Appendage     Tmut           22%        N/A       17%         1
b - Wereblood             Tmut           11%        N/A       22%         2
c - Spider Form           Tmut/Pois      10%        N/A       41%         3

Your spell library contained the following spells:

 Spells                   Type           Power      Damage    Failure   Level
 Ice Form                 Ice/Tmut       6%         N/A       87%         4


Dungeon Overview and Level Annotations

Branches:
Dungeon (2/15)

Altars:

Annotations:
D:3 Grinder


Innate Abilities, Weirdness & Mutations

You are a venomous arachnid creature.
You have venomous fangs.
You are tiny and dextrous.
Your spellcasting is less reliable in this form.
Your armour is entirely melded.
You are incapable of wielding weapons or throwing items.
You cannot wear most types of armour.
((You are amphibious.))
You can wear up to eight rings at the same time.
((Your skin changes colour to match your surroundings (Stealth+).))
((Your rubbery body absorbs attacks. (AC +1, EV +1)))
((You are camouflaged when in or above water. (Stealth+)))
((You have tentacles for arms and can constrict up to eight enemies at once.))


Message History

You kill the hobgoblin!
You barely miss the rat. You grab the rat. You constrict the rat.
The rat closely misses you.
Unknown command.
You tentacle-slap the rat.
You kill the rat!
No target in view!
No target in view!
A sourceless malevolence fills the Dungeon...
You fall into a shaft and drop 1 floor!
The shaft crumbles and collapses.
Found a stone staircase leading down.
A hobgoblin comes into view.
The hobgoblin shouts!
You hear an angry hiss.
An adder comes into view.
The hobgoblin closely misses you.
You tentacle-slap the hobgoblin but do no damage.
You grab the hobgoblin.
You constrict the hobgoblin, but do no damage.
Unknown command.
You tentacle-slap the hobgoblin.
You constrict the hobgoblin, but do no damage.
The hobgoblin closely misses you.
You tentacle-slap the hobgoblin but do no damage.
You squeeze the hobgoblin.
You kill the hobgoblin!
The adder bites you.
You are poisoned.
The adder poisons you! The adder bites you.
You take 6 damage, and have 17/23 hp.
MASSIVE DAMAGE!!
You miss the adder. You grab the adder. You constrict the adder.
You feel sick. The adder barely misses you.
You take 2 damage, and have 15/23 hp.
You tentacle-slap the adder. You squeeze the adder. You constrict the adder.
You feel sick. The adder closely misses you.
You take 1 damage, and have 14/23 hp.
You barely miss the adder. You constrict the adder.
You kill the adder!
You feel sick.
You have reached level 4!
You regained 3 hp, and now have 17/28 hp.
MP restored: 7 You feel sick.
You see here an adder corpse.
You take 1 damage, and have 16/28 hp.
You start resting.
You feel sick. x3
You are no longer poisoned.
You take 2 damage, and have 14/28 hp.
Unknown command.
Unknown command.
j - a gluggy blue potion Health restored: 28 You now have 40 gold pieces (gained 8).
A bat comes into view.
A bat is nearby!
An endoplasm comes into view.
The helpless endoplasm fails to defend itself.
You tentacle-slap the endoplasm. The endoplasm barely misses you.
Unknown command.
You tentacle-slap the endoplasm. The bat misses you. The endoplasm hits you.
You take 3 damage, and have 25/28 hp.
You tentacle-slap the endoplasm.
You kill the endoplasm!
The bat hits you but does no damage.
You closely miss the bat. Your grab misses the bat. You squeeze the bat.
The bat closely misses you.
You closely miss the bat. Your grab misses the bat. The bat closely misses you.
Unknown command.
The bat hits you but does no damage.
You miss the bat. You grab the bat.
You constrict the bat, but do no damage.
The bat hits you.
The bat escapes!
You take 1 damage, and have 25/28 hp.
The bat barely misses you.
You tentacle-slap the bat.
You kill the bat!
No target in view!
No target in view!
You see here a bat corpse.
You now have 46 gold pieces (gained 6).
Grinder comes into view.
Grinder shouts!
Grinder blinks!
Grinder moves out of view.
Health restored: 28 The spell is quite dangerous to miscast (21% risk of failure)!
Continue anyway?
You turn into a venomous arachnid creature.
You now have 4/7 mp.
Grinder hits you!
You writhe in agony.
You take 12 damage, and have 16/28 hp.
MASSIVE DAMAGE!!
You closely miss Grinder. Grinder misses you.
You hit Grinder. Grinder hits you.
You writhe in agony.
* * * LOW HITPOINT WARNING * * *
You take 8 damage, and have 8/28 hp.
MASSIVE DAMAGE!!
You hit Grinder but do no damage. Grinder hits you!
* * * LOW HITPOINT WARNING * * *
You writhe in agony.
You die...

#.......# #.####### #.#
#######.####
......#†...########
##.............#
#..#..#.#####.# ######.
......#.........###.....§.
#....##.........s#.#
#....##.#..###..#5##
##..##...#.###..#.#
#..##......##..#.#
####....#..##.....
##....#........#
#..#####.##.#... #..##
#.##.##.## ##..##
#.##.#.>#


You could see Grinder.

Vanquished Creatures
  3 adders
  A ball python (D:2)
  4 endoplasms
  2 giant cockroaches
  5 goblins
  4 hobgoblins
  2 kobolds (D:2)
  2 quokkas (D:1)
  5 bats
  2 frilled lizards (D:2)
  A rat (D:2)
31 creatures vanquished.

Vanquished Creatures (others)
  8 plants (D:3)
8 creatures vanquished.

Grand Total: 39 creatures vanquished

Notes
Turn   | Place    | Note
-------+----------+-------------------------------------------
     0 | D:1      | OTABOTABOTAB the Octopode Transmuter began the quest for
                  | the Orb.
     0 | D:1      | Reached XP level 1. HP: 13/13 MP: 3/3
   187 | D:1      | Reached XP level 2. HP: 18/18 MP: 5/5
   190 | D:1      | Learned a level 2 spell: Wereblood
   240 | D:1      | Reached skill level 1 in Poison Magic
   466 | D:1      | Found a faded altar of an unknown god.
   872 | D:2      | Reached XP level 3. HP: 14/23 MP: 4/6
   877 | D:2      | Reached skill level 2 in Poison Magic
   878 | D:2      | HP: 4/23 [goblin/+0 club (4)]
  1097 | D:2      | Learned a level 3 spell: Spider Form
  1112 | D:2      | You fall into a shaft and drop 1 floor!
  1129 | D:3      | Reached XP level 4. HP: 17/28 MP: 7/7
  1272 | D:3      | Noticed Grinder
  1287 | D:3      | HP: 1/28 [Grinder (8)]
  1287 | D:3      | Slain by Grinder

Illustrated notes

Levels and vault maps discovered:
D:1:      amcnicky_arrival_feature_with_door, layout_loops_ring,
          shapermc_ecumenical_altar_mp_highgroup
D:2:      layout_basic, st_stairs_4, uniq_sigmund
D:3:      layout_loops_ring, nicolae_hepliaklqana_hazy_memory,
          minmay_misc_feat_x, uniq_crazy_yiuf_cottage, uniq_grinder

Skill      XL: |  1  2  3 |
---------------+----------+-----
Poison Magic   | 1 2 |  2.2
Fighting       | |  1.0
Dodging        | |  2.0
Unarmed Combat | |  3.6
Spellcasting   | |  2.0
Transmutations | |  2.9

Action                   |  1- 3 |  4- 6 || total
-------------------------+-------+-------++-------
Melee: Unarmed           |    68 |    10 ||    78
       Constrict         |    17 |     1 ||    18
       Tentacles         |    11 |     1 ||    12
       Kick              |     5 |       ||     5
       Punch             |     2 |       ||     2
 Cast: Beastly Appendage |     2 |       ||     2
       Spider Form       |       |     1 ||     1
 Abil: End Transformatio |     1 |       ||     1
 Stab: Sleeping          |     3 |     1 ||     4
Armor: Skin              |     4 |     2 ||     6
Dodge: Dodged            |    38 |     6 ||    44

Table legend: (Time is in decaauts)
 A = Elapsed time spent in this place.
 B = Non-inter-level travel time spent in this place.
 C = Inter-level travel time spent in this place.
 D = Time resting spent in this place.
 E = Time spent auto-exploring this place.
 F = Levels seen in this place.
 G = Mean time per level.
                   A        B        C        D        E       F      G
               +--------+--------+--------+--------+--------+-----+--------+
         Total |   1282 |   1245 |     37 |     88 |    944 |   3 |  427.3 |
       Dungeon |   1282 |   1245 |     37 |     88 |    944 |   3 |  427.3 |
               +--------+--------+--------+--------+--------+-----+--------+

Top non-repeatable levels by time:
     D:1: 768 daAuts
     D:2: 340 daAuts
     D:3: 173 daAuts

Table legend:
 A = Kills in this place as a percentage of kills in entire the game.
 B = Kills by you in this place as a percentage of kills by you in the entire game.
 C = Kills by friends in this place as a percentage of kills by friends in the entire game.
 D = Other kills in this place as a percentage of other kills in the entire game.
 E = Experience gained in this place as a percentage of experience gained in the entire game.
 F = Experience gained in this place divided by the number of levels of this place that you have seen.
                   A       B       C       D       E      F
               +-------+-------+-------+-------+-------+----------------------
         Total | 100.0 | 100.0 |   N/A |   N/A | 100.0 |  29.3
       Dungeon | 100.0 | 100.0 |   N/A |   N/A | 100.0 |  29.3
               +-------+-------+-------+-------+-------+----------------------
